 Dungeon Crawl Stone Soup version 0.17.1-3-g152610e (webtiles) character file.

94875 Charly the Brawler (level 15, -3/80 HPs)
             Began as a Vine Stalker Transmuter on Apr 26, 2016.
             Was an Elder of Cheibriados.
             Hit by a large rock thrown by a cyclops (6 damage)
             ... on level 2 of the Vaults on Apr 27, 2016.
             The game lasted 02:32:33 (7149 turns).

Charly the Brawler (Vine Stalker Transmuter)        Turns: 7149, Time: 02:32:33

Health: -3/80      AC: 15    Str: 25    XL:     15   Next: 71%
Magic:  0/34       EV: 25    Int: 30    God:    Cheibriados [****..]
Gold:   836        SH:  0    Dex: 28    Spells: 3 memorised, 16 levels left

rFire  + . .     SeeInvis .       - Unarmed
rCold  . . .     Clarity  .     G - +1 ring mail "Cafastit" {rF+ MR+}
rNeg   + . .     SustAt   .     (shield currently unavailable)
rPois  +         Gourm    +     P - +0 helmet
rElec  .         Spirit   +     q - +2 cloak {MR+}
rCorr  .         Warding  .     (gloves currently unavailable)
rMut   .         Rnd*Tele +     a - +2 pair of boots
MR     +++..                    e - amulet of the gourmand
Stlth  ++........               s - ring of magical power
                                t - ring of Qeodip {+/*Tele rN+ Int+2 Dex+4}

@: about to teleport, blade hands, very slow, extremely resistant to hostile
enchantments, unstealthy
A: fangs 3, talons 1, poison resistance, regeneration 3, magic shield, antimagic
bite, no device heal 3, rot immunity
a: End Transformation, Bend Time, Temporal Distortion, Slouch, Renounce
Religion, Evoke Teleportation
}: 1/15 runes: gossamer


You were on level 2 of the Vaults.
You worshipped Cheibriados.
Cheibriados was greatly pleased with you.
You were not hungry.
You had blades for hands.
You visited 5 branches of the dungeon, and saw 29 of its levels.
You also visited: Labyrinth.

You collected 1045 gold pieces.
You spent 209 gold pieces at shops.

Inventory:

Hand Weapons
 b - a +1 blowgun
Missiles
 g - 98 arrows
 j - 9 poisoned needles
 r - a throwing net
 u - 7 javelins of penetration (quivered)
Armour
 a - a +2 pair of boots (worn)
 f - the +2 cloak of Gisiadops {rF+ Str+2}
   (You found it on level 5 of the Dungeon)

   It affects your strength (+2).
   It protects you from fire.
 o - the +1 cloak of the Oligarchy {rPois Dex+4}
   (You bought it in a shop on level 10 of the Dungeon)

   It affects your dexterity (+4).
   It protects you from poison.
 q - a +2 cloak of magic resistance (worn)
 G - the +1 ring mail "Cafastit" (worn) {rF+ MR+}
   (You found it on level 1 of the Spider Nest)

   It protects you from fire.
   It affects your resistance to hostile enchantments.
 P - a +0 helmet (worn)
Jewellery
 e - an amulet of the gourmand (around neck)
 n - an uncursed ring of positive energy
 s - a ring of magical power (right scythe-like blade)
 t - the ring of Qeodip (left scythe-like blade) {+/*Tele rN+ Int+2 Dex+4}
   (You found it in a labyrinth)

   [ring of teleportation]

   It may teleport you next to monsters, and can be evoked to randomly teleport.
   It affects your intelligence (+2).
   It affects your dexterity (+4).
   It protects you from negative energy.
 C - an uncursed amulet of clarity
 F - an uncursed ring of flight
 K - an uncursed amulet of resist corrosion
 M - an uncursed amulet of resist mutation
 O - a +4 ring of intelligence
Wands
 k - a wand of enslavement (6)
 p - a wand of disintegration (7)
 y - a wand of slowing (16)
 B - a wand of slowing (18)
 Q - a wand of fire (3)
Scrolls
 h - a scroll of summoning
 z - 2 scrolls of fog
 D - 4 scrolls of remove curse
 H - 2 scrolls of recharging
 R - a scroll of immolation
Potions
 i - 2 potions of lignification
 l - 4 potions of curing
 m - 3 potions of ambrosia
 w - 3 potions of brilliance
 E - a potion of might
 L - a potion of flight
 N - 3 potions of agility {unknown}
Books
 c - a book of Changes

   Spells                             Type                      Level
   a - Beastly Appendage              Transmutation                1
   b - Sticks to Snakes               Transmutation                2
   c - Spider Form                    Transmutation/Poison         3
   d - Ice Form                       Ice/Transmutation            4
   e - Blade Hands                    Transmutation                5
 x - a book of Enchantments

   Spells                             Type                      Level
   a - Cause Fear                     Hexes                        4
   b - Silence                        Hexes/Air                    5
   c - Deflect Missiles               Charms/Air                   6
   d - Haste                          Charms                       6
   e - Discord                        Hexes                        8
 J - a book of Envenomations

   Spells                             Type                      Level
   a - Spider Form                    Transmutation/Poison         3
   b - Alistair's Intoxication        Transmutation/Poison         4
   c - Olgreb's Toxic Radiance        Poison                       4
   d - Poisonous Cloud                Conjuration/Poison/Air       6
Miscellaneous
 A - an ornate deck of wonders {the Mercenary, drawn: 5}
Comestibles
 d - 10 bread rations
 I - 3 meat rations


   Skills:
 + Level 10.1 Fighting
 - Level 6.4 Armour
 - Level 12.1 Dodging
 * Level 15.5 Unarmed Combat
 - Level 6.2 Spellcasting
 - Level 8.5 Transmutations
 - Level 6.0 Invocations
 - Level 9.4 Evocations


You had 16 spell levels left.
You knew the following spells:

 Your Spells              Type           Power        Failure   Level  Hunger
h - Blade Hands           Trmt           ######....   41%         5    #####..
s - Sticks to Snakes      Trmt           ######....   12%         2    None
S - Spider Form           Trmt/Pois      #####.....   32%         3    None


Dungeon Overview and Level Annotations

Branches:
Dungeon (14/15)            Temple (1/1) D:5            Lair (8/8) D:9
 Spider (4/4) Lair:4        Slime (0/6) Lair:6          Orc (0/4) D:12
 Vaults (2/5) D:13
  Swamp: Lair:3-6    Shoals: Lair:3-6     Crypt: Vaults:2-3

Altars:
Ashenzari
Cheibriados
Dithmenos
Elyvilon
Kikubaaqudgha
Makhleb
Nemelex Xobeh
Qazlal
Sif Muna
Vehumet
Yredelemnul

Shops:
D:10 [(

Portals:
Trove: D:11 (give +5 demon whip)

Annotations:
D:7 Charly's ghost, novice HOGl
D:10 exclusion: upstairs
Lair:6 exclusion: 2 oklob plants


Innate Abilities, Weirdness & Mutations

You have razor-sharp teeth.
You regenerate.
When hurt, damage is shared between your health and your magic reserves.
Your bite disrupts and absorbs the magic of your enemies.
Potions and wands cannot restore your health.
You are immune to rotting.
You have sharp toenails.
Your system is resistant to poisons.


Message History

A cyclops, a rakshasa and 2 freezing wraiths come into view.
Unknown command.
Read which item? (? for menu, Esc to quit)
Okay, then.
You fail to use your ability.
The rakshasa hits you but does no damage.
You feel strangely unstable.
You feel somewhat more hungry. The rakshasa barely misses you.
The cyclops completely misses you.
The freezing wraith completely misses you.
The freezing wraith hits you but does no damage.
A yaktaur comes into view.
The rakshasa weaves an illusion.
The cyclops shimmers and seems to become two!
The freezing wraith hits you.
* * * LOW HITPOINT WARNING * * *
The freezing wraith freezes you!
* * * LOW HITPOINT WARNING * * *
The freezing wraith completely misses you.
The cyclops throws a large rock.
The large rock hits you!
You die...

..[ ......
...... ......
......#
.......#########
........CC......
.........RW.....
.......@W......#
##
...............#
.#
...............+
..
...............#
.
.########......#
.## ......# ...#
......# #...+
....c.
#....#....#


You could see a rakshasa, 2 cyclopes, a yaktaur (sleeping) and 2 freezing
wraiths.

Vanquished Creatures
  Arachne (Spider:3)
  Agnes (Spider:3)
  3 ghost moths
  Maud (D:13)
  3 emperor scorpions
  2 ironheart preservers
  A fire dragon (Vaults:1)
  2 vault guards (D:13)
  An entropy weaver (Spider:4)
  A yaktaur captain (Vaults:2)
  A hydra (Lair:3)
  2 death yaks (Lair:8)
  A tengu warrior (D:13)
  A deep troll shaman (Vaults:1)
  The ghost of HEYYEYAAE the Nimble, a novice SpBe of Nemelex Xobeh (D:9)
  A flayed ghost (Vaults:2)
  2 deep trolls (Vaults:1)
  An ironbrand convoker (Vaults:2)
  3 necromancers (D:13)
  3 orc knights
  A hill giant (D:12)
  2 wizards (D:13)
  6 orb spiders
  11 wolf spiders
  A griffon (Vaults:2)
  3 hornets
  2 cyclopes
  A manticore (D:11)
  A moth of wrath (Spider:3)
  3 ugly things
  A manticore (shapeshifter) (Vaults:1)
  11 elephants
  A gargoyle (D:12)
  A torpor snail (Lair:3)
  4 spiny frogs
  2 centaur skeletons (D:11)
  3 black mambas
  A fire drake (Lair:6)
  3 komodo dragons
  The ghost of ThereIsNoGod the Caller, a novice TeSu of Vehumet (D:5)
  8 demonic crawlers
  2 trolls
  12 blink frogs
  2 polar bears
  A two-headed ogre (D:7)
  2 tengu conjurers (D:13)
  11 jumping spiders
  A human simulacrum (Vaults:1)
  A fire giant simulacrum (Vaults:2)
  22 redbacks
  2 spriggans (Lair:3)
  A shadow (Lab)
  A wyvern (D:13)
  17 trapdoor spiders
  18 humans (D:13)
  A basilisk (shapeshifter) (Vaults:1)
  15 tarantellas
  2 hippogriffs
  A wraith (D:13)
  17 yaks
  2 basilisks
  4 vampire mosquitoes
  9 hungry ghosts
  A steam dragon (Lair:3)
  8 porcupines
  22 wolves
  6 water moccasins
  5 orc warriors
  2 sky beasts
  11 spiders
  An eye of draining (D:10)
  2 ice beasts
  3 ogres
  A black bear (Lair:3)
  A phantom (D:13)
  2 necrophages
  2 big kobolds
  5 crocodiles
  A brain worm (D:13)
  3 centaurs
  7 giant frogs
  An earth elemental (Lab)
  A wyvern zombie (D:10)
  A water moccasin zombie (D:6)
  2 scorpions (D:11)
  3 wights (D:13)
  4 lava snakes (Lab)
  4 crimson imps
  3 electric eels
  2 centaur zombies
  5 orc priests
  3 giant frog skeletons
  8 hounds
  4 iguanas
  6 orc wizards
  2 worker ants
  A hell rat (Lair:6)
  8 sheep
  2 adders
  26 river rats
  2 shadow imps
  3 giant geckos
  30 orcs
  A giant cockroach (D:2)
  3 hobgoblins
  12 kobolds
  A quokka (D:4)
  A ball python (D:1)
  A ball python skeleton (D:4)
  7 jackals
  A jackal skeleton (D:5)
  4 rats
  A fungus (Lair:3)
479 creatures vanquished.

Vanquished Creatures (collateral kills)
  A minotaur (Lab)
  Natasha (D:3)
  A worm (D:2)
  3 orcs
  A kobold (D:3)
7 creatures vanquished.

Vanquished Creatures (others)
  6 fungi
  A plant (Lair:6)
7 creatures vanquished.

Grand Total: 493 creatures vanquished

Notes
Turn   | Place    | Note
--------------------------------------------------------------
     0 | D:1      | Charly the Vine Stalker Transmuter began the quest for the Orb.
     0 | D:1      | Reached XP level 1. HP: 9/9 MP: 4/4
    55 | D:1      | Reached XP level 2. HP: 7/14 MP: 6/6
    69 | D:1      | Learned a level 2 spell: Sticks to Snakes
   231 | D:3      | Noticed Natasha
   272 | D:3      | Killed Natasha
   272 | D:3      | Reached XP level 3. HP: 10/17 MP: 1/7
   330 | D:4      | Reached skill level 4 in Unarmed Combat
   330 | D:4      | Reached XP level 4. HP: 13/21 MP: 8/8
   375 | D:4      | Learned a level 3 spell: Spider Form
   469 | D:5      | Entered Level 5 of the Dungeon
   469 | D:5      | Noticed a centaur
   482 | D:5      | Found a staircase to the Ecumenical Temple.
   488 | Temple   | Entered the Ecumenical Temple
   518 | Temple   | Became a worshipper of Cheibriados the Contemplative
   554 | D:4      | Reached XP level 5. HP: 10/25 MP: 4/9
   563 | D:5      | Noticed ThereIsNoGod's ghost (novice TeSu)
   589 | D:5      | Noticed a necrophage
   596 | D:5      | Killed a necrophage
   596 | D:5      | Reached skill level 5 in Unarmed Combat
   600 | D:5      | 25/9
   625 | D:5      | Reached skill level 1 in Fighting
   651 | D:5      | Got a polished cloak
   663 | D:5      | Identified the +2 cloak of Gisiadops {rF+ Str+2} (You found it on level 5 of the Dungeon)
   668 | D:5      | Turgon: nice early cloak
   678 | D:5      | Gained mutation: You heal very quickly. [Vine Stalker growth]
   678 | D:5      | Reached XP level 6. HP: 30/30 MP: 10/10
   679 | D:5      | Charly: nice indeed
   679 | D:5      | Charly: but theres only like 99% I survive early game
   685 | D:5      | Turgon: just the slay+6 is missing on the cloak :-)
   686 | D:5      | Charly: and rpois ;p
   686 | D:5      | Killed a centaur
   709 | D:5      | Killed ThereIsNoGod's ghost
   709 | D:5      | Reached skill level 6 in Unarmed Combat
   709 | D:5      | Reached XP level 7. HP: 6/35 MP: 5/12
   719 | D:5      | HP: 1/35 [poisoned by ThereIsNoGod's ghost]
   733 | D:5      | Turgon: I wonder why you didn't run away
   751 | D:5      | Charly: how?
   751 | D:5      | Charly: Im Chei
   755 | D:5      | Turgon: oh, sorry
   755 | D:5      | Charly: theres no running away as CHei
   755 | D:5      | Charly: thats the thing
   755 | D:5      | Turgon: Your fault that you took him ;-)
   755 | D:5      | Charly: thats by far the best god for speeduns
   755 | D:5      | Charly: best god in general
   755 | D:5      | Charly: early game is the only downside
  1046 | D:6      | Reached skill level 7 in Unarmed Combat
  1086 | D:7      | Turgon: smite smite smite you die...
  1089 | D:7      | Noticed Charly's ghost (novice HOGl)
  1128 | D:7      | Gained mutation: You have razor-sharp teeth. [Vine Stalker growth]
  1128 | D:7      | Reached XP level 8. HP: 36/40 MP: 13/13
  1131 | D:7      | Noticed a two-headed ogre
  1132 | D:7      | Turgon: And there's your LA rPois :-)
  1143 | D:7      | Killed a two-headed ogre
  1143 | D:7      | Reached * piety under Cheibriados
  1143 | D:7      | Reached skill level 8 in Unarmed Combat
  1170 | D:7      | Turgon: MR+, good as well
  1404 | D:10     | Entered Level 10 of the Dungeon
  1534 | D:9      | Reached skill level 9 in Unarmed Combat
  1577 | D:9      | Noticed HEYYEYAAE's ghost (novice SpBe)
  1579 | D:9      | LAOR d9!!!!!!!!!!!!!!!!!!!!!!!!!!!!!!!!!!!!!!
  1643 | D:8      | Reached XP level 9. HP: 23/46 MP: 7/14
  1683 | D:9      | Reached skill level 5 in Fighting
  1686 | D:9      | Reached ** piety under Cheibriados
  1715 | D:10     | Found Zaeps's Antique Armour Shoppe.
  1779 | D:10     | Found Iskulaci's Weapon Emporium.
  1855 | D:11     | Noticed a centaur skeleton
  1866 | D:11     | Reached skill level 10 in Unarmed Combat
  1869 | D:11     | Killed a centaur skeleton
  1950 | D:12     | Noticed a green ugly thing
  1966 | D:12     | Killed a green ugly thing
  1971 | D:12     | Reached skill level 5 in Transmutations
  1974 | D:12     | Reached XP level 10. HP: 53/53 MP: 9/17
  1980 | D:12     | Reached *** piety under Cheibriados
  2007 | D:12     | Found a labyrinth entrance.
  2011 | D:12     | Noticed a gargoyle
  2014 | D:12     | Reached skill level 1 in Invocations
  2025 | D:12     | Killed a gargoyle
  2034 | D:12     | Learned a level 5 spell: Blade Hands
  2049 | D:12     | Got a brightly glowing chain mail
  2062 | D:12     | Identified the +3 chain mail "Zios" {rF+ Int-2 Dex+5} (You found it on level 12 of the Dungeon)
  2072 | Lab      | Entered a labyrinth
  2603 | Lab      | Reached skill level 5 in Spellcasting
  3219 | Lab      | Noticed a minotaur
  3239 | Lab      | Killed a minotaur
  3244 | Lab      | Got an ancient marble ring
  3271 | Lab      | Identified the ring of Qeodip {+/*Tele rN+ Int+2 Dex+4} (You found it in a labyrinth)
  3304 | D:12     | 13/12
  3314 | D:12     | Noticed a hill giant
  3321 | D:12     | Killed a hill giant
  3321 | D:12     | Reached XP level 11. HP: 30/56 MP: 6/20
  3408 | D:11     | Noticed a cyclops
  3456 | D:11     | Killed a cyclops
  3456 | D:11     | Reached skill level 5 in Dodging
  3474 | D:11     | Noticed a manticore
  3480 | D:11     | Killed a manticore
  3629 | D:10     | Bought a heavily runed cloak for 209 gold pieces
  3639 | D:10     | Identified the +1 cloak of the Oligarchy {rPois Dex+4} (You bought it in a shop on level 10 of the Dungeon)
  3661 | D:9      | Killed HEYYEYAAE's ghost
  3664 | D:9      | Noticed a troll
  3667 | D:9      | Killed a troll
  3706 | D:9      | Reached **** piety under Cheibriados
  3716 | D:9      | Found a staircase to the Lair.
  3741 | Lair:1   | Entered Level 1 of the Lair of Beasts
  3742 | Lair:1   | 12/22
  3837 | Lair:2   | Reached skill level 10 in Dodging
  3990 | Lair:2   | Reached skill level 11 in Dodging
  4043 | Lair:3   | Reached ***** piety under Cheibriados
  4061 | Lair:3   | Noticed an eight-headed hydra
  4129 | Lair:5   | Reached skill level 12 in Dodging
  4129 | Lair:5   | Gained mutation: You regenerate. [Vine Stalker growth]
  4129 | Lair:5   | Reached XP level 12. HP: 59/61 MP: 21/21
  4134 | Lair:5   | Reached skill level 1 in Evocations
  4141 | Lair:5   | Reached skill level 5 in Invocations
  4154 | Lair:5   | Gained mutation: You have sharp toenails. [potion of mutation]
  4154 | Lair:5   | Gained mutation: Your spells are a little harder to cast, but a little more powerful. [potion of mutation]
  4154 | Lair:5   | Gained mutation: Your system is resistant to poisons. [potion of mutation]
  4158 | Lair:5   | 12/26
  4170 | Lair:5   | 13/25
  4178 | Lair:5   | Noticed a six-headed hydra
  4233 | Lair:4   | Reached skill level 1 in Armour
  4305 | Lair:6   | HP: 2/61 [sheep (2)]
  4359 | Lair:6   | Found a staircase to the Slime Pits.
  4604 | Lair:8   | Entered Level 8 of the Lair of Beasts
  4609 | Lair:8   | Noticed a death yak
  4609 | Lair:8   | Noticed a death yak
  4610 | Lair:8   | Noticed a death yak
  4632 | Lair:8   | Noticed a death yak
  4638 | Lair:8   | Noticed a death yak
  4643 | Lair:8   | Killed a death yak
  4643 | Lair:8   | Reached XP level 13. HP: 40/66 MP: 3/23
  4645 | Lair:8   | Killed a death yak
  4656 | Lair:7   | Noticed a six-headed hydra
  4958 | Lair:3   | Reached skill level 5 in Evocations
  5018 | Lair:3   | Charly: shoal ;/
  5018 | Lair:3   | Charly: lair branches are so unbalaned
  5018 | Lair:3   | Loki: yeah, but with blade hands, swamp is anoying too
  5018 | Lair:3   | Loki: too many hydrae
  5018 | Lair:3   | Charly: Id learn IF
  5018 | Lair:3   | Charly: or fight bare handed
  5018 | Lair:3   | Charly: much much easier than SHoal
  5018 | Lair:3   | Charly: not a single doubt bout that
  5046 | Lair:3   | Killed an eight-headed hydra
  5117 | Lair:4   | Found a hole to the Spider Nest.
  5121 | Lair:4   | Noticed a six-headed hydra
  5129 | Spider:1 | Entered Level 1 of the Spider Nest
  5150 | Spider:1 | Lost mutation: Your spells are a little harder to cast, but a little more powerful. [helix card]
  5151 | Spider:1 | Charly: yay
  5159 | Spider:1 | Reached ****** piety under Cheibriados
  5187 | Spider:1 | 15/25
  5216 | Spider:1 | Got a smoking ring mail
  5227 | Spider:1 | Identified the +1 ring mail "Cafastit" {rF+ MR+} (You found it on level 1 of the Spider Nest)
  5376 | Spider:2 | Killed a ghost moth
  5387 | Spider:3 | Noticed Arachne
  5407 | Spider:3 | Noticed Agnes
  5411 | Spider:3 | Killed Agnes
  5416 | Spider:3 | Noticed an emperor scorpion
  5432 | Spider:3 | Killed an emperor scorpion
  5432 | Spider:3 | Reached XP level 14. HP: 54/72 MP: 4/24
  5463 | Spider:3 | Reached skill level 13 in Unarmed Combat
  5512 | Spider:4 | Entered Level 4 of the Spider Nest
  5527 | Spider:3 | Killed Arachne
  5576 | Spider:4 | Reached skill level 5 in Armour
  5678 | Spider:4 | Noticed an emperor scorpion
  5679 | Spider:4 | Noticed an emperor scorpion
  5690 | Spider:4 | Killed an emperor scorpion
  5722 | Spider:4 | Killed an emperor scorpion
  5791 | Spider:4 | Noticed an emperor scorpion
  5876 | Spider:4 | Killed a ghost moth
  5905 | Spider:4 | Reached skill level 14 in Unarmed Combat
  5912 | Spider:4 | HP: 2/75 [something (13)]
  5917 | Spider:4 | HP: 3/75 [poisoned by a hornet]
  5968 | Spider:4 | Killed a ghost moth
  5975 | Spider:4 | Noticed an emperor scorpion
  5975 | Spider:4 | Noticed an emperor scorpion
  5975 | Spider:4 | Noticed an emperor scorpion
  5977 | Spider:4 | Got a gossamer rune of Zot
  6068 | Spider:4 | Reached XP level 15. HP: 75/79 MP: 25/25
  6403 | D:11     | Found a portal to a secret trove of treasure.
  6519 | D:13     | Noticed Maud
  6527 | D:13     | Noticed a white ugly thing
  6529 | D:13     | Noticed a tengu warrior
  6533 | D:13     | Killed a white ugly thing
  6541 | D:13     | Killed a tengu warrior
  6601 | D:13     | Killed Maud
  6603 | D:13     | Noticed a necromancer
  6610 | D:13     | Killed a necromancer
  6660 | D:13     | Noticed a wizard
  6660 | D:13     | Noticed a necromancer
  6673 | D:13     | Killed a wizard
  6674 | D:13     | Killed a necromancer
  6676 | D:13     | Found a gate to the Vaults.
  6677 | D:13     | Noticed a vault guard
  6677 | D:13     | Noticed a wizard
  6677 | D:13     | Noticed a necromancer
  6679 | D:13     | Noticed a vault guard
  6683 | D:13     | Killed a wizard
  6684 | D:13     | Killed a vault guard
  6685 | D:13     | Killed a necromancer
  6689 | D:13     | Killed a vault guard
  6719 | Vaults:1 | Entered Level 1 of the Vaults
  6938 | Vaults:1 | Reached skill level 15 in Unarmed Combat
  7112 | Vaults:2 | Reached skill level 10 in Fighting
  7133 | Vaults:2 | HP: 4/80 [wolf spider (8)]
  7134 | Vaults:2 | HP: 1/80 [wolf spider (3)]
  7149 | Vaults:2 | HP: 3/80 [freezing wraith (7)]
  7149 | Vaults:2 | Hit by a large rock thrown by a cyclops

Action                   |  1- 3 |  4- 6 |  7- 9 | 10-12 | 13-15 || total
-------------------------+-------+-------+-------+-------+-------++-------
Melee: Unarmed           |    76 |    61 |   174 |   316 |   475 ||  1102
 Fire: Blowgun           |       |       |     2 |    17 |     3 ||    22
Throw: Javelin           |       |       |     5 |     7 |       ||    12
 Cast: Sticks to Snakes  |     6 |     6 |     7 |     8 |       ||    27
       Beastly Appendage |     1 |       |       |       |       ||     1
       Spider Form       |       |     2 |    13 |     2 |       ||    17
       Blade Hands       |       |       |       |    28 |    48 ||    76
Invok: Temporal Distorti |       |       |       |     6 |    12 ||    18
       Slouch            |       |       |       |     4 |    13 ||    17
 Abil: End Transformatio |       |       |     1 |       |     1 ||     2
       Evoke Teleportati |       |       |       |     2 |    11 ||    13
Evoke: Wand              |       |     8 |     6 |     6 |    16 ||    36
       Deck              |       |       |       |       |     5 ||     5
  Use: Scroll            |     2 |     9 |     6 |    11 |    23 ||    51
       Potion            |       |       |     2 |     2 |     3 ||     7
 Stab: Sleeping          |     2 |       |     1 |     1 |     1 ||     5
       Invisible         |       |       |     1 |       |       ||     1
       Paralysed         |       |       |       |       |     5 ||     5
       Confused          |       |       |       |       |     2 ||     2
       Distracted        |       |       |       |       |     1 ||     1
       Fleeing           |       |       |       |       |     2 ||     2
  Eat: Pizza             |     1 |       |       |       |       ||     1
       Beef jerky        |       |       |     3 |     3 |     1 ||     7
       Fruit             |       |       |     1 |     2 |       ||     3
       Meat ration       |       |       |     1 |       |     2 ||     3
       Bread ration      |       |       |       |     2 |       ||     2
       Chunk             |       |       |       |     9 |    15 ||    24
